Workbook

Sheet WC-Analysis
B2: Working Capital Analysis
B3: Magnimetrics
B5: in EUR
B7: Current Date | C7: 43891
B8: Cash on hand | C8: 200000
B10: Week | D10: =WEEKNUM(C7) -> 10 | E10: =D10+1 -> 11 | F10: =E10+1 -> 12 | G10: =F10+1 -> 13 | H10: =G10+1 -> 14 | I10: =H10+1 -> 15 | J10: =I10+1 -> 16 | K10: =J10+1 -> 17 | L10: =K10+1 -> 18 | ... U10: =T10+1 -> 27
B11: Cash due to Vendors | D11: =-SUMIFS(Payables!4:4,Payables!3:3,'WC-Analysis'!D10) -> -354394.3 | E11: =-SUMIFS(Payables!4:4,Payables!3:3,'WC-Analysis'!E10) -> -367810.79 | F11: =-SUMIFS(Payables!4:4,Payables!3:3,'WC-Analysis'!F10) -> -366808.02 | G11: =-SUMIFS(Payables!4:4,Payables!3:3,'WC-Analysis'!G10) -> -364899.43 | H11: =-SUMIFS(Payables!4:4,Payables!3:3,'WC-Analysis'!H10) -> -379015.26 | I11: =-SUMIFS(Payables!4:4,Payables!3:3,'WC-Analysis'!I10) -> -368919.25 | J11: =-SUMIFS(Payables!4:4,Payables!3:3,'WC-Analysis'!J10) -> -304993.47 | K11: =-SUMIFS(Payables!4:4,Payables!3:3,'WC-Analysis'!K10) -> -284316.95 | ... U11: =-SUMIFS(Payables!4:4,Payables!3:3,'WC-Analysis'!U10) -> -87037.3
B12: Cash expected from Clients | D12: =SUMIFS(Receivables!4:4,Receivables!3:3,'WC-Analysis'!D10) -> 357822.77 | E12: =SUMIFS(Receivables!4:4,Receivables!3:3,'WC-Analysis'!E10) -> 333791.38 | F12: =SUMIFS(Receivables!4:4,Receivables!3:3,'WC-Analysis'!F10) -> 403706.78 | G12: =SUMIFS(Receivables!4:4,Receivables!3:3,'WC-Analysis'!G10) -> 257133.02 | H12: =SUMIFS(Receivables!4:4,Receivables!3:3,'WC-Analysis'!H10) -> 305192.47 | I12: =SUMIFS(Receivables!4:4,Receivables!3:3,'WC-Analysis'!I10) -> 339104.03 | J12: =SUMIFS(Receivables!4:4,Receivables!3:3,'WC-Analysis'!J10) -> 363251.63 | K12: =SUMIFS(Receivables!4:4,Receivables!3:3,'WC-Analysis'!K10) -> 385491.41 | ... U12: =SUMIFS(Receivables!4:4,Receivables!3:3,'WC-Analysis'!U10) -> 76727.74
B13: Net cash flow | D13: =SUM(D11:D12) -> 3428.47 | E13: =SUM(E11:E12) -> -34019.41 | F13: =SUM(F11:F12) -> 36898.76 | G13: =SUM(G11:G12) -> -107766.41 | H13: =SUM(H11:H12) -> -73822.79 | I13: =SUM(I11:I12) -> -29815.22 | J13: =SUM(J11:J12) -> 58258.16 | K13: =SUM(K11:K12) -> 101174.46 | ... U13: =SUM(U11:U12) -> -10309.56
B15: Net cash | C15: 80000 | D15: =C15+D13 -> 83428.47 | E15: =D15+E13 -> 49409.06 | F15: =E15+F13 -> 86307.82 | G15: =F15+G13 -> -21458.59 | H15: =G15+H13 -> -95281.38 | I15: =H15+I13 -> -125096.6 | J15: =I15+J13 -> -66838.44 | K15: =J15+K13 -> 34336.02 | ... U15: =T15+U13 -> 168655.77
B17: Liquidation of investments
B18: Sale of stocks | G18: 25000 | H18: 25000 | I18: 25000 | J18: 25000
B20: Revolving credit lines | H20: 100000
B22: Net cash, adjusted | C22: =C15 -> 80000 | D22: =C22+D13+D18+D20 -> 83428.47 | E22: =D22+E13+E18+E20 -> 49409.06 | F22: =E22+F13+F18+F20 -> 86307.82 | G22: =F22+G13+G18+G20 -> 3541.41 | H22: =G22+H13+H18+H20 -> 54718.62 | I22: =H22+I13+I18+I20 -> 49903.4 | J22: =I22+J13+J18+J20 -> 133161.56 | K22: =J22+K13+K18+K20 -> 234336.02 | ... U22: =T22+U13+U18+U20 -> 368655.77

Sheet Receivables
A1: id | B1: client | C1: amount | D1: date-due | E1: Week
A2: 1 | B2: Olson, Rodriguez and Collins | C2: 7071.19 | D2: 43941 | E2: =WEEKNUM(D2) -> 17 | I2: Column Labels
A3: 2 | B3: Bradtke-Weimann | C3: 5662.73 | D3: 43995 | E3: =WEEKNUM(D3) -> 24 | I3: 10 | J3: 11 | K3: 12 | L3: 13 | M3: 14 | N3: 15 | O3: 16 | P3: 17 | Q3: 18 | R3: 19 | S3: 20 | T3: 21 | U3: 22 | V3: 23 | W3: 24 | X3: 25 | Y3: 26 | Z3: 27 | AA3: Grand Total
A4: 3 | B4: Hegmann, Roob and Simonis | C4: 9675.24 | D4: 43948 | E4: =WEEKNUM(D4) -> 18 | H4: Sum of amount | I4: 357822.77 | J4: 333791.38 | K4: 403706.78 | L4: 257133.02 | M4: 305192.47 | N4: 339104.03 | O4: 363251.63 | P4: 385491.41 | Q4: 359675.77 | R4: 305070.09 | S4: 331362.29 | T4: 330840.73 | U4: 335489.27 | V4: 270120.23 | W4: 424763.87 | X4: 296654.74 | Y4: 294203.93 | Z4: 76727.74 | AA4: 5770402.1
A5: 4 | B5: Batz and Sons | C5: 8157.1 | D5: 43923 | E5: =WEEKNUM(D5) -> 14
A6: 5 | B6: King Group | C6: 1679.64 | D6: 43924 | E6: =WEEKNUM(D6) -> 14
A7: 6 | B7: Conroy, Kessler and West | C7: 4003.63 | D7: 43995 | E7: =WEEKNUM(D7) -> 24
A8: 7 | B8: Schaefer LLC | C8: 7262.12 | D8: 43941 | E8: =WEEKNUM(D8) -> 17
A9: 8 | B9: Reichel and Sons | C9: 6211.05 | D9: 43984 | E9: =WEEKNUM(D9) -> 23
A10: 9 | B10: Kerluke and Sons | C10: 7931.71 | D10: 43966 | E10: =WEEKNUM(D10) -> 20
A11: 10 | B11: Schultz-Cormier | C11: 5913.79 | D11: 43894 | E11: =WEEKNUM(D11) -> 10
A12: 11 | B12: Sipes Group | C12: 8571.62 | D12: 43970 | E12: =WEEKNUM(D12) -> 21
A13: 12 | B13: Davis-Sawayn | C13: 8532.76 | D13: 43995 | E13: =WEEKNUM(D13) -> 24
A14: 13 | B14: Reinger, Parisian and Nader | C14: 2703.5 | D14: 43921 | E14: =WEEKNUM(D14) -> 14
A15: 14 | B15: Gaylord Inc | C15: 9111.26 | D15: 43896 | E15: =WEEKNUM(D15) -> 10
A16: 15 | B16: Wehner-Tromp | C16: 8458.61 | D16: 43899 | E16: =WEEKNUM(D16) -> 11
... A1001: 1000 | B1001: Friesen-Lebsack | C1001: 7026.04 | D1001: 43928 | E1001: =WEEKNUM(D1001) -> 15

Sheet Payables
A1: id | B1: vendor | C1: amount | D1: date-due | E1: Week
A2: 1 | B2: Zoomzone | C2: 3569.21 | D2: 43915 | E2: =WEEKNUM(D2) -> 13 | I2: Column Labels
A3: 2 | B3: Mycat | C3: 2608.37 | D3: 43926 | E3: =WEEKNUM(D3) -> 15 | I3: 10 | J3: 11 | K3: 12 | L3: 13 | M3: 14 | N3: 15 | O3: 16 | P3: 17 | Q3: 18 | R3: 19 | S3: 20 | T3: 21 | U3: 22 | V3: 23 | W3: 24 | X3: 25 | Y3: 26 | Z3: 27 | AA3: Grand Total
A4: 3 | B4: Oyonder | C4: 2051.62 | D4: 43914 | E4: =WEEKNUM(D4) -> 13 | H4: Sum of amount | I4: 354394.3 | J4: 367810.79 | K4: 366808.02 | L4: 364899.43 | M4: 379015.26 | N4: 368906.25 | O4: 304993.47 | P4: 284316.95 | Q4: 312976.73 | R4: 310499.42 | S4: 285595.94 | T4: 292814.42 | U4: 326700.51 | V4: 400517.9 | W4: 294823.5 | X4: 311360.52 | Y4: 268280.67 | Z4: 87037.3 | AA4: 5681751.4
A5: 4 | B5: Tagopia | C5: 1531.14 | D5: 43936 | E5: =WEEKNUM(D5) -> 16
A6: 5 | B6: Zooveo | C6: 5282.02 | D6: 43895 | E6: =WEEKNUM(D6) -> 10
A7: 6 | B7: Gigazoom | C7: 4065.12 | D7: 44008 | E7: =WEEKNUM(D7) -> 26
A8: 7 | B8: Tavu | C8: 2182.86 | D8: 43951 | E8: =WEEKNUM(D8) -> 18
A9: 8 | B9: Trilith | C9: 2563.04 | D9: 43907 | E9: =WEEKNUM(D9) -> 12
A10: 9 | B10: Eamia | C10: 7961.75 | D10: 43961 | E10: =WEEKNUM(D10) -> 20
A11: 10 | B11: Katz | C11: 2045.29 | D11: 44010 | E11: =WEEKNUM(D11) -> 27
A12: 11 | B12: Divape | C12: 5240.87 | D12: 43925 | E12: =WEEKNUM(D12) -> 14
A13: 12 | B13: Gigabox | C13: 6064.2 | D13: 43975 | E13: =WEEKNUM(D13) -> 22
A14: 13 | B14: Yakijo | C14: 8411.18 | D14: 43959 | E14: =WEEKNUM(D14) -> 19
A15: 14 | B15: Skaboo | C15: 2062.02 | D15: 43922 | E15: =WEEKNUM(D15) -> 14
A16: 15 | B16: Kare | C16: 7094.53 | D16: 43978 | E16: =WEEKNUM(D16) -> 22
... A1001: 1000 | B1001: Topicstorm | C1001: 2775.74 | D1001: 43957 | E1001: =WEEKNUM(D1001) -> 19
